 Dungeon Crawl Stone Soup version 0.24.1-4-ge52af88ad5 (webtiles) character file.

Game seed: 12565780200590243664, levelgen mode: deterministic

347 lepoulpe303 the Changer (level 6, -1/50 HPs)
             Began as a Draconian Transmuter on Apr 14, 2020.
             Was an Initiate of Wu Jian.
             Slain by an ice beast (13 damage)
             ... on level 5 of the Dungeon.
             The game lasted 00:16:37 (4535 turns).

lepoulpe303 the Changer (Draconian Transmuter)      Turns: 4535, Time: 00:16:37

Health: -1/50      AC:  2    Str: 14    XL:     6   Next: 32%
Magic:  5/11       EV: 21    Int: 15    God:    Wu Jian [......]
Gold:   123        SH:  0    Dex: 17    Spells: 6/12 levels left

rFire    . . .     SeeInvis .     - Unarmed
rCold    . . .     Gourm    .   (shield currently unavailable)
rNeg     . . .     Faith    .   (armour unavailable)
rPois    x         Spirit   .   (helmet currently unavailable)
rElec    .         Reflect  .   (cloak currently unavailable)
rCorr    .         Harm     .   (gloves currently unavailable)
MR       .....                  (boots currently unavailable)
Stlth    ++........             (no amulet)
HPRegen  0.16/turn              (no ring)
MPRegen  0.12/turn              h - +2 ring of strength

@: spider-form, very slightly contaminated
A: tiny, unfitting armour, AC +6
a: End Transformation, Renounce Religion


You were on level 5 of the Dungeon.
You worshipped Wu Jian.
Wu Jian was noncommittal.
You were not hungry.
You were a venomous arachnid creature.
You visited 1 branch of the dungeon, and saw 5 of its levels.

You collected 123 gold pieces.

Inventory:

Missiles
 o - 8 poisoned darts (quivered)
 Q - 59 arrows
Jewellery
 h - a +2 ring of strength (right front leg)
Wands
 a - a wand of polymorph (11)
 q - a wand of paralysis (8)
Scrolls
 b - a scroll of teleportation {unknown}
 g - 2 scrolls of fear
 i - 2 scrolls of identify
 l - a scroll of enchant weapon {unknown}
 r - a scroll of immolation {unknown}
 s - a scroll of magic mapping {unknown}
 w - 2 scrolls of remove curse
Potions
 c - a potion of degeneration {unknown}
 d - a potion of brilliance {unknown}
 f - a potion of flight {unknown}
 j - a potion of curing {unknown}
 k - a potion of ambrosia {unknown}
 m - a potion of agility {unknown}
 n - 2 potions of resistance
Comestibles
 e - 6 rations


   Skills:
 + Level 2.6 Fighting
 + Level 2.9 Dodging
 + Level 3.7 Unarmed Combat
 * Level 3.7 Spellcasting
 * Level 3.9 Transmutations
 + Level 0.0 Poison Magic


You had 6 spell levels left.
You knew the following spells:

 Your Spells              Type           Power        Failure   Level  Hunger
a - Beastly Appendage     Tmut           ##....       12%         1    None
c - Spider Form           Tmut/Pois      #.........   47%         3    ###....
s - Sticks to Snakes      Tmut           ##......     16%         2    ##.....

Your spell library contained the following spells:

 Spells                   Type           Power        Failure   Level  Hunger
 Ice Form                 Ice/Tmut       #.......     82%         4    ####...
 Blade Hands              Tmut           ##........   87%         5    ######.


Dungeon Overview and Level Annotations

Branches:
Dungeon (5/15)
 Temple: D:4-7

Altars:
Fedhas
Qazlal
Wu Jian

Shops:
D:5 :


Innate Abilities, Weirdness & Mutations

((Your plain brown scales are hard. (AC +6)))
You cannot fit into any form of body armour.
((You are cold-blooded and may be slowed by cold attacks.))


Message History

You miscast Spider Form.
You are very lightly contaminated with residual magic.
Wisps of poison gas drift from your hands.
Your horns disappear.
The ice beast hits you. The ice beast freezes you!
* * * LOW HITPOINT WARNING * * *
You take 10 damage, and have 29/50 hp.
You now have 8/11 mp.
You turn into a venomous arachnid creature.
The ice beast hits you.
* * * LOW HITPOINT WARNING * * *
The ice beast freezes you!
* * * LOW HITPOINT WARNING * * *
You take 15 damage, and have 14/50 hp.
MASSIVE DAMAGE!!
You now have 5/11 mp.
You hit the ice beast. You hit the ice beast but do no damage.
The ice beast hits you.
* * * LOW HITPOINT WARNING * * *
The ice beast freezes you!
You die...

.. .# ###.## .#
....#####.###
...........
#<.##....#
#..##....#
.#####..##....#
.........Y..∩.#
#####..##s...#
#..##....#
#..##...<#
#..##....#
#..##....#
#..##....#
#..##....#
#..##....#
.........#


You could see an ice beast.

Levels and vault maps discovered:
D:1:      dpeg_arrival_radiant, layout_loops_corners, minmay_tripent
D:2:      layout_basic, first_ration, nicolae_qazlal_eye_of_the_storm,
          uniq_terence
D:3:      layout_basic
D:4:      layout_basic, kennysheep_mini_moat, kennysheep_little_box,
          roderic_lattice_a
D:5:      layout_basic, grunt_gozag_statues, serial_shops, shop

Notes
Turn   | Place    | Note
-------+----------+-------------------------------------------
     0 | D:1      | lepoulpe303 the Draconian Transmuter began the quest for
                  | the Orb.
     0 | D:1      | Reached XP level 1. HP: 16/16 MP: 3/3
   320 | D:1      | Identified a +0 dagger
   329 | D:1      | Identified a +0 club
   334 | D:1      | Reached XP level 2. HP: 18/23 MP: 3/5
   417 | D:1      | Identified a +0 club
   454 | D:1      | Identified a +0 club
   508 | D:1      | Identified a cursed -2 club
   877 | D:1      | Reached skill level 2 in Dodging
  1107 | D:1      | Learned a level 2 spell: Sticks to Snakes
  1328 | D:2      | Reached XP level 3. HP: 17/28 MP: 6/6
  1723 | D:2      | Identified a cursed +0 club
  1784 | D:2      | Identified a +0 club
  1809 | D:2      | Identified a +0 morningstar
  1809 | D:2      | Identified a +0 scale mail
  1809 | D:2      | Noticed Terence
  1814 | D:2      | Learned a level 3 spell: Spider Form
  1861 | D:2      | Killed Terence
  1861 | D:2      | Reached XP level 4. HP: 31/36 MP: 1/8
  1955 | D:2      | Reached skill level 3 in Transmutations
  2628 | D:2      | Identified 2 scrolls of fear
  2633 | D:2      | Found a stormy altar of Qazlal.
  2692 | D:2      | Reached skill level 2 in Fighting
  2692 | D:2      | Reached skill level 3 in Spellcasting
  2776 | D:3      | Identified a +0 club
  2784 | D:3      | Identified a +0 dagger
  2845 | D:3      | Identified a +0 club
  2932 | D:3      | Reached XP level 5. HP: 28/41 MP: 6/9
  2963 | D:3      | Identified a +0 club
  3181 | D:3      | HP: 5/41 [acid (10)]
  3431 | D:3      | Identified a +0 dagger
  3573 | D:3      | Identified a +0 whip
  3589 | D:3      | Identified a +0 giant club
  3589 | D:3      | Noticed an ogre
  3605 | D:3      | Killed an ogre
  3605 | D:3      | Reached XP level 6. HP: 50/50 MP: 6/11
  3658 | D:3      | Identified 4 scrolls of remove curse
  3659 | D:3      | Identified a ring of intelligence (You found it on level 1
                  | of the Dungeon)
  3660 | D:3      | Identified a ring of strength (You found it on level 2 of
                  | the Dungeon)
  3664 | D:3      | Identified 3 scrolls of identify
  3664 | D:3      | Identified 2 potions of resistance
  3965 | D:4      | Identified a +0 leather armour
  3979 | D:4      | Found a blossoming altar of Fedhas.
  4394 | D:4      | Found an ornate altar of the Wu Jian Council.
  4399 | D:4      | Became a worshipper of the Wu Jian Council
  4506 | D:5      | Entered Level 5 of the Dungeon
  4506 | D:5      | Found Jyjin's Book Shop.
  4516 | D:5      | Noticed an ice beast
  4535 | D:5      | HP: 12/50 [ice beast (2)]
  4535 | D:5      | Slain by an ice beast

Table legend:
 A = Turns spent in this place as a percentage of turns spent in the entire game.
 B = Non-inter-level travel turns spent in this place as a percentage of non-inter-level travel turns spent in the entire game.
 C = Inter-level travel turns spent in this place as a percentage of turns spent in this place.
 D = Turns resting spent in this place as a percentage of non-inter-level travel turns spent in this place.
 E = Turns spent auto-exploring this place as a percentage of non-inter-level travel turns spent in this place.
 F = Non-inter-level travel turns spent in this place divided by the number of levels of this place that you've seen.
                   A       B       C       D       E      F
               +-------+-------+-------+-------+-------+----------------------
         Total | 100.0 | 100.0 |   2.1 |  24.6 |  54.3 | 888.0
       Dungeon | 100.0 | 100.0 |   2.1 |  24.6 |  54.3 | 888.0
               +-------+-------+-------+-------+-------+----------------------

Table legend:
 A = Kills in this place as a percentage of kills in entire the game.
 B = Kills by you in this place as a percentage of kills by you in the entire game.
 C = Kills by friends in this place as a percentage of kills by friends in the entire game.
 D = Other kills in this place as a percentage of other kills in the entire game.
 E = Experience gained in this place as a percentage of experience gained in the entire game.
 F = Experience gained in this place divided by the number of levels of this place that you have seen.
                   A       B       C       D       E      F
               +-------+-------+-------+-------+-------+----------------------
         Total | 100.0 | 100.0 | 100.0 |   N/A | 100.0 |  99.2
       Dungeon | 100.0 | 100.0 | 100.0 |   N/A | 100.0 |  99.2
               +-------+-------+-------+-------+-------+----------------------

Skill      XL: |  1  2  3  4 |
---------------+-------------+-----
Dodging        | 2 |  2.9
Transmutations | 3 |  3.9
Fighting       | 2 |  2.6
Spellcasting   | 3 |  3.7
Unarmed Combat | |  3.7

Action                   |  1- 3 |  4- 6 || total
-------------------------+-------+-------++-------
Melee: Unarmed           |    95 |   268 ||   363
       Kick              |     7 |     9 ||    16
       Punch             |     1 |     6 ||     7
       Tailslap          |     8 |    38 ||    46
       Headbutt          |     1 |     9 ||    10
Throw: Dart              |       |     8 ||     8
 Cast: Beastly Appendage |    10 |    10 ||    20
       Spider Form       |     1 |     1 ||     2
       Sticks to Snakes  |       |     5 ||     5
  Use: Scroll            |       |     4 ||     4
 Stab: Sleeping          |     1 |     1 ||     2
  Eat: Chunk             |     1 |     7 ||     8
       Ration            |     1 |     1 ||     2
Armor: Skin              |    28 |    81 ||   109
Dodge: Dodged            |    75 |   180 ||   255

Vanquished Creatures
  An ogre (D:3)
  2 crimson imps
  A centaur skeleton (D:4)
  Terence (D:2)
  5 adders
  A dart slug (D:4)
  2 orcs
  A ball python (D:1)
  6 giant cockroaches
  7 goblins
  5 hobgoblins
  11 jackals
  9 kobolds
  2 quokkas
  7 bats
  4 frilled lizards
  A jackal skeleton (D:4)
  9 rats
75 creatures vanquished.

Vanquished Creatures (collateral kills)
  A jelly (D:3)
1 creature vanquished.

Grand Total: 76 creatures vanquished
